 Dungeon Crawl Stone Soup version 0.17.1-1-g73c8601 (webtiles) character file.

3740 Nyvrem the Cleaver (level 9, 0/72 HPs)
             Began as a Demonspawn Fighter on Dec 21, 2015.
             Was a Believer of Kikubaaqudgha.
             Succumbed to a killer bee's poison
             ... on level 8 of the Dungeon.
             The game lasted 00:28:49 (9658 turns).

Nyvrem the Cleaver (Demonspawn Fighter)             Turns: 9658, Time: 00:28:49

Health: 0/72       AC: 17    Str: 18    XL:     9   Next: 93%
Magic:  9/12       EV:  7    Int: 12    God:    Kikubaaqudgha [**....]
Gold:   358        SH:  0    Dex: 12    Spells: 0 memorised, 12 levels left

rFire  . . .     SeeInvis +     a - +0 war axe
rCold  . . .     Clarity  .     E - +0 plate armour
rNeg   . . .     SustAt   .     (no shield)
rPois  .         Gourm    .     d - +0 helmet
rElec  .         Spirit   +     l - +1 cloak
rCorr  .         Warding  .     (no gloves)
rMut   +         Stasis   .     (no boots)
MR     .....                    v - amulet of resist mutation
Stlth  ..........               z - +1 ring of evasion
                                w - ring of see invisible

@: lethally poisoned (0 -> -2), very slightly contaminated, not resistant to
hostile enchantments, extremely unstealthy
A: claws 2, demonic guardian 1, magic shield, magic regeneration
a: Receive Corpses, Renounce Religion


You were on level 8 of the Dungeon.
You worshipped Kikubaaqudgha.
Kikubaaqudgha was pleased with you.
You were hungry.

You visited 2 branches of the dungeon, and saw 9 of its levels.

You collected 358 gold pieces.

Inventory:

Hand Weapons
 a - a +0 war axe (weapon)
Armour
 c - a +0 shield
 d - a +0 helmet (worn)
 l - a +1 cloak (worn)
 E - a +0 plate armour (worn)
Jewellery
 v - an amulet of resist mutation (around neck)
 w - a ring of see invisible (left claw)
 z - a +1 ring of evasion (right claw)
Wands
 r - a wand of magic darts (10)
Scrolls
 f - 2 scrolls of enchant weapon
 h - a scroll of fog
 j - 2 scrolls of enchant armour
 n - a scroll of blinking
 t - 2 scrolls of magic mapping
 u - 3 scrolls of remove curse
 y - a scroll of torment {unknown}
 D - a scroll of teleportation
Potions
 g - a potion of haste
 k - a potion of resistance {unknown}
 x - a potion of agility
 B - a potion of ambrosia {unknown}
 C - a potion of cancellation
 G - a potion of poison {unknown}
Books
 i - Kikubaaqudgha's Almanac of Evil
   (Kikubaaqudgha gifted it to you on level 7 of the Dungeon)

   Spells                             Type                      Level
   a - Pain                           Necromancy                   1
   b - Corpse Rot                     Necromancy                   2
   c - Sublimation of Blood           Necromancy                   2
   d - Vampiric Draining              Necromancy                   3
   e - Control Undead                 Necromancy                   4
Comestibles
 b - a slice of pizza
 e - 5 bread rations
 m - 4 fruits
 o - a beef jerky
 p - 2 meat rations
 A - 2 royal jellies


   Skills:
 + Level 7.6 Fighting
 + Level 8.4 Axes
 + Level 7.6 Armour
 - Level 2.6 Shields
 + Level 2.0 Spellcasting
 * Level 2.9 Necromancy


You had 12 spell levels left.
You didn't know any spells.

Dungeon Overview and Level Annotations

Branches:
Dungeon (8/15)             Temple (1/1) D:5            Lair (0/8) D:8

Altars:
Cheibriados
Fedhas
Kikubaaqudgha
Nemelex Xobeh
Okawaru
Qazlal
Sif Muna
Trog
Xom
Yredelemnul
Zin


Innate Abilities, Weirdness & Mutations

You have very sharp fingernails.
A weak demonic guardian rushes to your aid.
When hurt, damage is shared between your health and your magic reserves.
You regenerate magic rapidly.


Message History

* * * LOW HITPOINT WARNING * * *
You feel sick.
* * * LOW HITPOINT WARNING * * *
You feel sick.
The killer bee stings you but does no damage.
* * * LOW HITPOINT WARNING * * *
You feel sick.
The killer bee stings you but does no damage.
Your plate armour prevents you from hitting the killer bee.
The killer bee is moderately wounded.
The killer bee stings you but does no damage. x2
You closely miss the killer bee.
The killer bee is moderately wounded.
* * * LOW HITPOINT WARNING * * *
You feel sick.
The killer bee stings you but does no damage.
The killer bee barely misses you.
The killer bee stings you but does no damage.
You die...
Kikubaaqudgha rasps: "You have failed me!
Welcome... death!"

######### #.......#
#.......#################
##.(>.....................
#.....####.##########....#
#.....####.# #...!#
####..........# ######
#.......#####################
#...........@.y...§...§§§§...
#.......####################.
##.......# ## #........# #
#........## #
####.........### #
#....##....†.+.# #
...####......#.###### #
....#...)...#†......####


You could see a killer bee.

Vanquished Creatures
  Pikel (D:5)
  4 yaks (D:8)
  A deep elf fighter (D:8)
  Edmund (D:5)
  A gnoll sergeant (D:5)
  A water moccasin (D:8)
  2 sky beasts (D:5)
  2 slaves
  A black bear (D:7)
  A phantom (Temple)
  A crocodile (D:8)
  A centaur (D:7)
  2 scorpions
  2 killer bees (D:8)
  2 water moccasin skeletons
  4 crimson imps
  A giant frog skeleton (D:4)
  2 giant frog zombies (D:5)
  A centaur skeleton (D:8)
  6 orc priests
  9 orc wizards
  2 iguanas
  2 worker ants
  A killer bee zombie (D:6)
  A mummy (D:8)
  Robin (D:4)
  A gnoll (D:5)
  A worker ant zombie (D:7)
  3 river rats (D:8)
  4 adders
  A shadow imp (D:8)
  An adder zombie (D:6)
  2 oozes (D:4)
  3 worms
  4 giant geckos
  29 orcs
  19 bats
  3 giant cockroaches
  8 hobgoblins
  7 kobolds
  3 quokkas
  A giant gecko skeleton (D:6)
  3 giant newts
  11 goblins
  12 jackals
  14 rats
  A plant (D:2)
184 creatures vanquished.

Vanquished Creatures (collateral kills)
  A hippogriff (D:7)
  An ice beast (D:6)
  A sky beast (D:5)
  A centaur (D:6)
  2 ogres
  A scorpion (D:4)
  3 orc wizards (D:4)
  An orc priest (D:4)
  A worker ant (D:4)
  An adder zombie (D:5)
  2 orcs (D:4)
  A quokka (D:4)
  A giant gecko (D:4)
17 creatures vanquished.

Vanquished Creatures (others)
  2 slaves (D:5)
  2 gnolls (D:5)
4 creatures vanquished.

Grand Total: 205 creatures vanquished

Notes
Turn   | Place    | Note
--------------------------------------------------------------
     0 | D:1      | Nyvrem the Demonspawn Fighter began the quest for the Orb.
     0 | D:1      | Reached XP level 1. HP: 18/18 MP: 1/1
   716 | D:1      | Gained mutation: You have sharp fingernails. [demonic ancestry]
   716 | D:1      | Reached XP level 2. HP: 24/24 MP: 2/2
  1178 | D:2      | Found a shimmering altar of Xom.
  1178 | D:2      | Found a glowing silver altar of Zin.
  1178 | D:2      | Noticed an angel
  1284 | D:2      | Gained mutation: When hurt, damage is shared between your health and your magic reserves. [demonic ancestry]
  1284 | D:2      | Reached XP level 3. HP: 12/29 MP: 3/3
  2322 | D:4      | Reached skill level 4 in Axes
  2322 | D:4      | Reached XP level 4. HP: 8/35 MP: 4/4
  2583 | D:4      | Noticed Robin
  2614 | D:4      | Killed Robin
  2835 | D:4      | Noticed a scorpion
  2851 | D:4      | Gained mutation: A weak demonic guardian rushes to your aid. [demonic ancestry]
  2851 | D:4      | Reached XP level 5. HP: 21/41 MP: 2/5
  2855 | D:4      | Killed a scorpion
  3277 | D:4      | Reached skill level 5 in Axes
  3319 | D:4      | Reached XP level 6. HP: 35/47 MP: 6/6
  4080 | D:3      | Found a basalt altar of Yredelemnul.
  4080 | D:3      | Found a sparkling altar of Nemelex Xobeh.
  4999 | D:4      | Gained mutation: You regenerate magic rapidly. [demonic ancestry]
  4999 | D:4      | Reached XP level 7. HP: 51/54 MP: 4/7
  5097 | D:5      | Entered Level 5 of the Dungeon
  5109 | D:5      | Found a staircase to the Ecumenical Temple.
  5121 | Temple   | Entered the Ecumenical Temple
  5158 | Temple   | Became a worshipper of Kikubaaqudgha
  5202 | D:5      | Noticed Edmund
  5212 | D:5      | Killed Edmund
  5212 | D:5      | Reached skill level 6 in Axes
  5381 | D:5      | Noticed Pikel
  5990 | D:5      | Killed Pikel
  5990 | D:5      | Reached skill level 5 in Fighting
  5990 | D:5      | Reached skill level 5 in Armour
  5990 | D:5      | Reached XP level 8. HP: 27/63 MP: 4/8
  6359 | D:5      | Reached skill level 7 in Axes
  6929 | D:5      | Reached skill level 1 in Spellcasting
  7716 | D:6      | Gained mutation: You have very sharp fingernails. [demonic ancestry]
  7716 | D:6      | Reached XP level 9. HP: 63/69 MP: 10/10
  8591 | D:7      | Reached * piety under Kikubaaqudgha
  8591 | D:7      | Received a gift from Kikubaaqudgha
  8609 | D:7      | Identified Kikubaaqudgha's Almanac of Evil (Kikubaaqudgha gifted it to you on level 7 of the Dungeon)
  8747 | D:8      | Found a snail-covered altar of Cheibriados.
  8755 | D:8      | Reached skill level 8 in Axes
  8811 | D:8      | Reached skill level 1 in Necromancy
  8849 | D:7      | HP: 3/72 [poisoned by a killer bee]
  9243 | D:8      | Found a staircase to the Lair.
  9246 | D:8      | Reached ** piety under Kikubaaqudgha
  9649 | D:8      | HP: 3/72 [poisoned by a killer bee]
  9654 | D:8      | HP: 1/72 [poisoned by a killer bee]
  9658 | D:8      | Succumbed to a killer bee's poison

Action                   |  1- 3 |  4- 6 |  7- 9 || total
-------------------------+-------+-------+-------++-------
Melee: War axe           |   166 |   224 |   468 ||   858
  Use: Scroll            |     1 |     2 |    10 ||    13
       Potion            |     1 |     3 |     6 ||    10
 Stab: Distracted        |       |     1 |     3 ||     4
  Eat: Chunk             |     4 |     9 |    14 ||    27
       Pizza             |       |       |     1 ||     1
